 Dungeon Crawl Stone Soup version 0.15.0-12-gccce430 (webtiles) character file.

149 CrazyArbalest the Bolt Thrower (level 5, 37/37 HPs)
             Began as a Demonspawn Hunter on Sept 1, 2014.
             Was an Initiate of Okawaru.
             Quit the game on Level 3 of the Dungeon.
             The game lasted 00:06:38 (2237 turns).

CrazyArbalest the Bolt Thrower (Demonspawn Hunter)  Turns: 2237, Time: 00:06:38

HP  37/37        AC  3     Str 12      XL: 5   Next:  9%
MP   5/5         EV 13     Int 12      God: Okawaru [......]
Gold 123         SH  0     Dex 15      Spells:  0 memorised,  4 levels left

rFire  . . .     SeeInvis .     b - +1 hand crossbow
rCold  . . .     Clarity  .     d - +0 leather armour
rNeg   . . .     rCorr    .     (no shield)
rPois  .         rRot     +     (helmet restricted)
rElec  .         Spirit   .     (no cloak)
SustAb .         Warding  .     (no gloves)
rMut   .         Stasis   .     (no boots)
Gourm  .                        (no amulet)
MR     .....                    (no ring)
                                (no ring)

@: not resistant to hostile enchantments, unstealthy
A: horns 1, repulsion field 1, rot immunity
a: Renounce Religion


You were on level 3 of the Dungeon.
You worshipped Okawaru.
Okawaru was noncommittal.
You were not hungry.

You visited 1 branch of the dungeon, and saw 3 of its levels.

You collected 123 gold pieces.

Inventory:

Hand weapons
 a - a +0 short sword
 b - a +1 hand crossbow (weapon)
Missiles
 c - 46 bolts (quivered)
Armour
 d - a +0 leather armour (worn)
Comestibles
 f - 3 bread rations
 g - 4 fruits
 i - 3 meat rations
Scrolls
 j - a scroll of blinking {unknown}
 l - a scroll of enchant weapon {unknown}
 m - 2 scrolls of immolation {unknown}
 o - a scroll of amnesia {unknown}
 p - 2 scrolls of identify {unknown}
 q - a scroll of noise {unknown}
 r - a scroll of teleportation {unknown}
 u - a scroll of recharging {unknown}
 w - a scroll of fog {unknown}
 y - a scroll of remove curse {unknown}
Jewellery
 h - an uncursed amulet of resist corrosion {unknown}
 k - an uncursed ring of poison resistance {unknown}
 t - a cursed ring of loudness {unknown}
Potions
 e - 2 potions of heal wounds {unknown}
 n - a potion of curing {unknown}
 s - a potion of restore abilities {unknown}
 v - a potion of might {unknown}
 x - a potion of flight {unknown}


   Skills:
 + Level 1.0 Fighting
 + Level 5.6 Crossbows
 + Level 0.6 Armour
 + Level 1.9 Dodging
 + Level 1.2 Stealth


You had 4 spell levels left.
You didn't know any spells.

Dungeon Overview and Level Annotations

Branches:
Dungeon (3/15)

Altars:
Elyvilon
Okawaru


Innate Abilities, Weirdness & Mutations

You have a pair of small horns on your head.
You are surrounded by a mild repulsion field (EV +2).
You are immune to rotting.


Message History

Aim: an orc, wielding a club and wearing a runed leather armour You shoot a bolt.
The bolt hits the orc!
You kill the orc!
Okawaru accepts your kill.
Firing (i - inventory):
c - 48 bolts (quivered)
Press: ? - help, Shift-Dir - straight line, f - orc priest
Aim: an orc priest (heavily wounded)
You shoot a bolt. The bolt barely misses the orc priest.
Firing (i - inventory):
c - 47 bolts (quivered)
Press: ? - help, Shift-Dir - straight line, f/p - orc priest
Aim: an orc priest (heavily wounded)
You shoot a bolt. The bolt hits the orc priest!
You kill the orc priest!
Okawaru accepts your kill.
You have reached level 5!
Your demonic ancestry asserts itself...
A pair of horns grows on your head! The adder closely misses you.
An orc comes into view. It is wielding a hand axe.
Are you sure you want to abandon this character and quit the game? (Confirm with "yes".)

##.#.#....(#
.#######.#.#.##..#
..................
########'#.#♣.♣#.. .#
##....#♣.♣#.. ..
##.....#♣.♣#.. ##.
##.......♣.♣...
##...####........♣.♣##.
#.....@.'........♣.♣ ..
.......S###..........###.
####... ##.......### ##
....o ##.....## .......
##...## ....o. #+## ..(..
##.. .


You could see an adder and 2 orcs.

Vanquished Creatures
  An orc priest (D:3)
  Jessica (D:3)
  3 adders (D:3)
  5 worms
  An orc (D:3)
  6 bats
  A giant cockroach (D:1)
  6 goblins
  2 hobgoblins
  5 jackals
  6 kobolds
  A quokka (D:3)
  A ball python (D:3)
  3 giant newts
  7 rats
49 creatures vanquished.

Notes
Turn   | Place    | Note
--------------------------------------------------------------
     0 | D:1      | CrazyArbalest, the Demonspawn Hunter, began the quest for the Orb.
     0 | D:1      | Reached XP level 1. HP: 15/15 MP: 1/1
   248 | D:1      | Reached skill level 4 in Crossbows
   262 | D:1      | Gained mutation: You are surrounded by a mild repulsion field (EV +2). [demonic ancestry]
   262 | D:1      | Reached XP level 2. HP: 21/21 MP: 2/2
  1235 | D:2      | Reached skill level 1 in Stealth
  1235 | D:2      | Gained mutation: You are immune to rotting. [demonic ancestry]
  1235 | D:2      | Reached XP level 3. HP: 26/26 MP: 3/3
  1566 | D:3      | Reached skill level 5 in Crossbows
  1566 | D:3      | Reached XP level 4. HP: 32/32 MP: 4/4
  1665 | D:3      | Found a white marble altar of Elyvilon.
  1687 | D:3      | Found an iron altar of Okawaru.
  1709 | D:3      | Became a worshipper of Warmaster Okawaru
  1819 | D:3      | Noticed Jessica
  1822 | D:3      | Killed Jessica
  2236 | D:3      | Gained mutation: You have a pair of small horns on your head. [demonic ancestry]
  2236 | D:3      | Reached XP level 5. HP: 37/37 MP: 5/5
  2237 | D:3      | Quit the game

Action                   |  1- 3 |  4- 6 || total
-------------------------+-------+-------++-------
 Fire: Hand crossbow     |   111 |    37 ||   148
  Eat: Chunk             |     1 |     3 ||     4
